Map: Shrines of Lizul

Players

Chogath

  • Race: Protoss Protoss
  • League: Gold
  • Spawn Location: 12:00

Darkness

  • Race: Terran Terran
  • League: Platinum
  • Spawn Location: 3:00

MonstroTown - Winner!

  • Race: Terran Terran
  • Spawn Location: 6:00

Michael - Winner!

  • Race: Zerg Zerg
  • League: Gold
  • Spawn Location: 9:00

VOD

Have the link to the VOD?

Description

Time

  • Played on: Oct. 6, 2018, 6:13 p.m.
  • Length: 3:46
Show
View Real Time Build Order
Export as new Build Order

Chogath Protoss 

Build Orders:  

Get SALT Encoding   

  12  0:06  Probe  
  13  0:14  Probe  
  14  0:24  Pylon  
  14  0:25  Probe  
  16  0:42  Probe  
  16  0:47  Gateway  
  16  0:53  Assimilator  
  16  0:55  Probe  
  17  1:06  Probe  
  17  1:08  Gateway  
  18  1:14  Probe  
  19  1:20  Assimilator  
  19  1:22  Probe  
  19  1:25  Pylon  
  20  1:41  Cybernetics Core  
  20  1:46  Probe  
  21  1:51  Zealot  
  23  1:56  Zealot  
  23  1:58  Probe  
  26  2:20  Shield Battery  
  26  2:22  Probe  
  26  2:23  Pylon  
  27  2:30  Probe  
  27  2:33  Twilight Council  
  28  2:37  Pylon  
  28  2:41  Zealot  
  30  2:47  Zealot  
  32  3:00  Probe  
  32  3:04  Gateway  
Show
View Real Time Build Order
Export as new Build Order

Darkness Terran 

Build Orders:  

Get SALT Encoding   

  12  0:02  SCV  
  13  0:18  SCV, Supply Depot  
  14  0:30  SCV  
  15  0:41  Barracks  
  15  0:43  SCV  
  16  0:55  SCV  
  17  1:02  Refinery  
  17  1:04  Refinery  
  17  1:07  SCV  
  18  1:19  SCV  
  19  1:26  Supply Depot  
  19  1:31  Orbital Command  
  19  1:38  Marine  
  20  1:51  Factory  
  20  1:58  Barracks Tech Lab  
  20  2:16  SCV  
  21  2:25  Marine  
  21  2:28  SCV  
  23  2:40  Factory Tech Lab  
  23  2:43  SCV, Marine  
  24  2:51  Starport  
  24  3:00  Marine  
  24  3:01  Hellion  
  24  3:03  SCV  
Show
View Real Time Build Order
Export as new Build Order

MonstroTown Terran - Winner!

Build Orders:  

Get SALT Encoding   

  12  0:01  SCV  
  13  0:13  SCV  
  14  0:18  Supply Depot  
  14  0:25  SCV  
  15  0:40  SCV  
  15  0:41  Barracks  
  16  0:52  SCV  
  16  0:54  Barracks  
  17  1:04  SCV  
  17  1:10  Barracks  
  18  1:17  SCV  
  19  1:23  Barracks  
  19  1:28  Marine  
  20  1:36  Supply Depot  
  20  1:41  Marine  
  20  1:42  SCV  
  22  1:47  Marine  
  23  1:58  Marine  
  24  2:03  Marine  
  24  2:08  Marine  
  26  2:12  Marine  
  26  2:13  Orbital Command  
  27  2:16  Marine  
  27  2:21  Supply Depot  
  28  2:26  Marine x2  
  30  2:36  Marine x2  
  31  2:43  Marine  
  32  2:48  Marine  
  33  2:53  Refinery  
  33  2:54  Marine  
  34  3:02  Marine  
  34  3:03  Marine  
  36  3:05  Marine  
  36  3:11  Marine  
  38  3:20  Marine  
Show
View Real Time Build Order
Export as new Build Order

Michael Zerg - Winner!

Build Orders: Pool First 

Get SALT Encoding   

  12  0:01  Drone  
  13  0:12  Overlord  
  13  0:17  Drone  
  14  0:31  Drone x2  
  14  0:34  Drone  
  17  0:42  Extractor  
  17  0:46  Drone  
  17  0:53  Spawning Pool  
  17  0:56  Drone  
  17  1:08  Drone  
  18  1:24  Hatchery  
  17  1:27  Drone  
  18  1:39  Queen  
  20  1:46  Metabolic Boost  
  20  1:51  Zergling x2  
  20  1:54  Zergling x2  
  22  2:01  Overlord  
  22  2:17  Roach Warren  
  22  2:19  Drone  
  22  2:20  Drone  
  23  2:31  Queen  
  25  2:39  Zergling x4  
  27  2:53  Drone  
  27  2:54  Drone x3  
  31  3:05  Zergling x6  
  34  3:10  Zergling x4  
Tags
 
Add a new tag
Caveats
  • Supply blocks, unpowered buildings, or Contaminate may cause inaccurate times.
  • Supply counts are checked every 10 seconds.